Map: Dämmertürme

Players

Quynix - Winner!

  • Race: Protoss Protoss
  • League: Diamond

Azakura

  • Race: Zerg Zerg
  • League: Diamond

VOD

Have the link to the VOD?

Description

Time

  • Played on: Dec. 15, 2015, 11:07 a.m.
  • Length: 19:56
Show
View Real Time Build Order
Export as new Build Order

Quynix Protoss - Winner!

Build Orders: 1 Gate Expand, Oracle Opening 

Get SALT Encoding   

  12  0:01  Probe (Chrono Boost)  
  13  0:14  Pylon  
  13  0:18  Probe (Chrono Boost)  
  15  0:28  Probe (Chrono Boost)  
  15  0:34  Gateway  
  15  0:39  Probe (Chrono Boost)  
  16  0:47  Assimilator  
  16  0:49  Probe (Chrono Boost)  
  17  1:00  Probe (Chrono Boost)  
  18  1:10  Probe (Chrono Boost)  
  19  1:29  Nexus  
  19  1:40  Cybernetics Core  
  19  1:42  Probe (Chrono Boost)  
  20  1:49  Assimilator  
  20  1:55  Probe (Chrono Boost)  
  20  1:58  Pylon  
  21  2:06  Probe (Chrono Boost)  
  22  2:16  Adept  
  22  2:19  Mothership Core (Chrono Boost)  
  26  2:35  Stargate  
  26  2:37  Probe (Chrono Boost)  
  27  2:44  Adept  
  27  2:48  Probe (Chrono Boost)  
  27  2:51  Probe (Chrono Boost)  
  32  2:58  Probe (Chrono Boost)  
  32  2:59  Warp Gate  
  32  3:01  Probe (Chrono Boost)  
  33  3:09  Probe (Chrono Boost)  
  33  3:11  Probe (Chrono Boost)  
  37  3:18  Oracle (Chrono Boost)  
  37  3:19  Probe  
  39  3:20  Probe  
  39  3:22  Adept  
  39  3:26  Pylon  
  42  3:31  Probe x2  
  44  3:41  Probe  
  44  3:43  Probe  
  44  3:44  Pylon  
  46  3:49  Adept  
  46  3:53  Probe  
  46  3:54  Oracle (Chrono Boost)  
  52  3:55  Probe  
  52  3:59  Pylon  
  53  4:03  Probe  
  53  4:08  Probe  
  55  4:12  Gateway  
  55  4:14  Probe  
  55  4:16  Gateway  
  56  4:20  Probe  
  57  4:24  Probe  
  58  4:32  Probe  
  58  4:35  Probe, Adept  
  58  4:38  Void Ray (Chrono Boost)  
  66  4:44  Probe  
  66  4:45  Assimilator  
  67  4:47  Pylon  
  67  4:50  Assimilator  
  67  4:55  Twilight Council, Forge  
  67  5:12  Adept x3  
  73  5:18  Probe  
  73  5:19  Probe  
  75  5:23  Robotics Facility  
  75  5:25  Pylon x2  
  75  5:40  Protoss Ground Weapons Level 1  
  75  5:44  Nexus, Pylon  
  75  5:46  Blink (Chrono Boost)  
  75  5:47  Pylon  
  75  6:06  Probe  
  75  6:08  Probe  
  69  6:14  Stalker  
  69  6:15  Stalker x2  
  75  6:21  Probe  
  75  6:22  Probe  
  75  6:24  Immortal  
  81  6:28  Photon Cannon  
  81  6:30  Gateway  
  81  6:31  Gateway  
  81  6:36  Probe  
  82  6:47  Stalker x3  
  88  6:54  Probe x2  
  88  6:55  Probe  
  91  7:06  Probe  
  91  7:07  Probe, Gateway  
  93  7:09  Gateway  
  93  7:11  Sentry  
  93  7:12  Sentry x2  
  93  7:14  Gateway  
  99  7:15  Gateway  
  99  7:24  Immortal  
  99  7:26  Protoss Ground Weapons Level 2  
  100  7:38  Probe  
  100  7:39  Probe  
  100  7:40  Stalker x3  
  100  7:41  Stalker x2  
  109  7:45  Resonating Glaives (Chrono Boost)  
  109  7:49  Assimilator  
  109  7:54  Assimilator  
  109  7:55  Photon Cannon  
  109  7:57  Probe, Photon Cannon  
  110  8:10  Adept x3  
  110  8:11  Adept x2  
  112  8:47  Stalker x2  
  114  8:48  Stalker x3  
  114  8:49  Stalker x2  
  124  9:01  Robotics Bay, Robotics Facility  
  124  9:02  Pylon  
  124  9:03  Nexus, Pylon  
  124  9:05  Pylon  
  124  9:07  Pylon  
  124  9:09  Probe  
  125  9:20  Probe x2, Pylon  
  125  9:21  Pylon x2  
  127  9:24  Photon Cannon  
  127  9:26  Pylon x2  
  127  9:41  Protoss Ground Weapons Level 3  
  127  9:42  Warp Prism  
  127  9:44  Pylon  
  129  9:52  Templar Archives  
  129  9:53  Stalker x3  
  129  9:54  Stalker x2  
  139  10:02  Pylon  
  139  10:03  Observer Gravitic Boosters  
  139  10:05  Oracle  
  142  10:22  Disruptor x2 (Chrono Boost)  
  148  10:29  Adept x3  
  148  10:30  Adept  
  148  10:33  Stalker  
  148  10:34  Stalker x2  
  162  10:43  Psionic Storm  
  162  10:45  High Templar x2  
  162  10:47  Charge  
  166  10:50  Archon  
  166  11:06  Assimilator  
  166  11:07  Probe x3  
  169  11:12  Assimilator  
  169  11:20  Stalker x6  
  169  11:21  Stalker x2  
  163  11:51  Adept x3  
  163  11:52  Adept x5  
  163  11:53  Adept  
  165  12:11  Disruptor x2 (Chrono Boost)  
  163  12:24  High Templar x2  
  163  12:26  Protoss Shields Level 1, Zealot x4  
  163  12:27  Zealot x3  
  181  12:32  Gateway  
  181  12:33  Gateway  
  181  12:39  Gateway  
  181  12:40  Gateway  
  181  13:01  Disruptor x2 (Chrono Boost)  
  187  13:08  Adept x6  
  142  13:53  Disruptor x2 (Chrono Boost)  
  102  14:23  Stalker  
  102  14:24  Stalker x4, Protoss Shields Level 2  
  103  14:25  Stalker x5  
  103  14:26  Stalker x3  
  125  14:34  Immortal x2 (Chrono Boost)  
  133  14:55  High Templar x3  
  133  14:56  High Templar x3  
  133  14:57  High Templar x2  
  133  14:58  High Templar  
  151  15:02  Archon  
  151  15:03  Nexus, Archon x2  
  151  15:05  Pylon  
  151  15:06  Zealot x4  
  159  15:10  Photon Cannon  
  159  15:12  Photon Cannon  
  167  15:21  Immortal x2 (Chrono Boost)  
  167  15:38  Stalker  
  167  15:39  Stalker x5  
  173  15:58  Stalker x5  
  149  16:54  Immortal x2 (Chrono Boost)  
  149  16:55  Stalker x2  
  149  16:56  Stalker x6  
  149  16:57  Stalker  
  149  16:58  Stalker  
  148  17:44  Observer x2 (Chrono Boost)  
  122  18:07  Immortal x2 (Chrono Boost)  
  118  18:21  Adept x3  
  118  18:22  High Templar x2  
  118  18:23  High Templar x2  
  118  18:25  Adept, High Templar x2  
  118  18:26  Adept x3  
  144  18:29  Archon x3  
  142  18:43  Assimilator  
  142  18:47  Assimilator  
  142  18:49  High Templar  
  142  18:50  High Templar  
  142  18:52  Photon Cannon  
  142  18:53  Archon  
  142  18:54  Photon Cannon  
  146  18:58  Photon Cannon  
  146  18:59  Photon Cannon  
  146  19:01  Photon Cannon  
  134  19:41  Stalker x2  
  134  19:42  Stalker x6  
  134  19:43  Stalker x3  
Show
View Real Time Build Order
Export as new Build Order

Azakura Zerg 

Build Orders: Hatch First, Lurkers 

Get SALT Encoding   

  12  0:07  Overlord  
  12  0:13  Drone  
  13  0:17  Drone  
  14  0:28  Drone  
  15  0:30  Drone  
  16  0:40  Drone  
  17  0:55  Hatchery  
  16  0:57  Drone  
  16  1:01  Extractor  
  16  1:02  Drone  
  17  1:20  Drone, Spawning Pool  
  17  1:28  Drone  
  18  1:37  Drone  
  19  1:50  Hatchery  
  18  2:08  Metabolic Boost  
  18  2:10  Queen  
  20  2:17  Queen  
  22  2:23  Drone  
  22  2:25  Drone  
  24  2:32  Overlord  
  24  2:37  Drone  
  25  2:52  Roach Warren, Drone  
  25  2:59  Queen  
  27  3:08  Lair  
  27  3:18  Drone, Extractor  
  27  3:19  Drone x2  
  29  3:21  Drone  
  29  3:24  Drone  
  31  3:32  Drone x3  
  34  3:43  Drone  
  34  3:44  Drone  
  36  3:50  Evolution Chamber  
  35  3:55  Evolution Chamber  
  35  3:57  Drone x2  
  35  3:58  Drone x2  
  35  3:59  Drone  
  39  4:04  Glial Reconstitution  
  39  4:16  Overlord x2  
  32  4:37  Spore Crawler  
  32  4:38  Drone x4  
  33  4:39  Drone x4  
  39  4:49  Zerg Missile Weapons Level 1  
  39  4:52  Zerg Ground Armor Level 1  
  39  4:59  Spore Crawler  
  38  5:04  Roach x2  
  42  5:23  Overlord  
  42  5:24  Roach x2  
  42  5:25  Roach x3  
  52  5:30  Extractor  
  52  5:32  Drone x3, Extractor  
  53  5:36  Overlord  
  53  5:41  Ravager  
  54  5:45  Ravager  
  54  5:48  Ravager  
  48  6:06  Roach x5  
  48  6:07  Roach  
  48  6:09  Roach  
  60  6:12  Queen  
  62  6:29  Queen  
  64  6:34  Drone x3  
  64  6:35  Drone  
  64  6:37  Hatchery  
  67  6:41  Ravager  
  67  6:43  Overlord  
  68  6:52  Overlord  
  68  7:01  Hydralisk Den  
  67  7:03  Overlord  
  67  7:13  Drone  
  67  7:14  Drone x7  
  67  7:15  Drone  
  70  7:24  Roach x3  
  70  7:25  Roach  
  76  7:40  Hydralisk x3  
  76  7:41  Hydralisk  
  84  7:48  Muscular Augments  
  84  7:55  Overlord  
  84  7:56  Overlord  
  84  8:02  Pneumatized Carapace  
  84  8:06  Zerg Missile Weapons Level 2  
  84  8:09  Drone x3  
  84  8:10  Drone  
  84  8:11  Drone  
  89  8:13  Drone  
  89  8:15  Drone  
  89  8:29  Overlord x2  
  83  8:47  Overlord  
  83  8:48  Overlord x2, Hydralisk x3  
  83  8:52  Ravager  
  90  8:59  Lurker Den  
  90  9:05  Overlord x3  
  90  9:07  Ravager  
  91  9:11  Ravager  
  91  9:13  Drone x7  
  99  9:21  Extractor x2  
  97  9:25  Drone x5  
  97  9:26  Drone x3  
  97  9:29  Zerg Ground Armor Level 2  
  105  9:37  Drone x3  
  108  9:41  Spore Crawler  
  108  9:42  Spine Crawler  
  106  9:47  Spine Crawler  
  105  10:00  Hydralisk  
  105  10:01  Hydralisk x4  
  115  10:08  Hatchery  
  114  10:25  Lurker x3  
  114  10:26  Lurker  
  118  10:36  Overlord x3  
  118  10:55  Extractor  
  117  10:59  Extractor  
  117  11:00  Hydralisk x3  
  117  11:01  Hydralisk x8  
  109  12:18  Drone x2  
  109  12:19  Drone  
  109  12:20  Hatchery  
  110  12:23  Drone x3  
  110  12:24  Drone  
  110  12:25  Drone x12  
  110  12:26  Drone x6  
  132  12:32  Infestation Pit  
  132  12:34  Zerg Melee Weapons Level 1  
  131  12:41  Hydralisk x3  
  131  12:42  Roach x4  
  145  12:45  Spine Crawler  
  145  12:49  Spine Crawler  
  143  12:52  Spore Crawler  
  143  12:58  Lurker  
  143  12:59  Lurker  
  144  13:07  Hydralisk x4  
  144  13:08  Spore Crawler, Hydralisk x5  
  144  13:11  Spore Crawler  
  160  13:27  Hive  
  108  13:42  Roach x4  
  108  13:43  Roach x9  
  108  13:47  Hydralisk x3  
  101  13:55  Overseer  
  101  13:56  Lurker x2  
  94  14:12  Roach x8  
  94  14:13  Roach x2  
  106  14:27  Hatchery  
  105  14:34  Drone x3  
  108  14:41  Overseer  
  108  14:56  Ultralisk Cavern  
  108  14:57  Zerg Ground Armor Level 3  
  108  14:58  Zerg Melee Weapons Level 2  
  107  15:06  Lurker x2  
  107  15:07  Lurker  
  110  15:08  Hatchery  
  110  15:11  Extractor  
  110  15:13  Queen x3  
  114  15:22  Drone x3  
  114  15:26  Drone x2  
  109  15:50  Ultralisk x2  
  99  16:05  Hydralisk x6  
  99  16:06  Hydralisk x2  
  115  16:22  Spore Crawler  
  107  16:26  Hydralisk  
  107  16:27  Hydralisk x2  
  107  16:28  Roach x6  
  91  16:50  Hydralisk x4  
  91  16:51  Hydralisk x3, Roach x2  
  91  16:52  Roach  
  109  17:12  Lurker x2  
  111  17:19  Zergling x12  
  111  17:20  Zergling x4  
  119  17:23  Hatchery  
  85  17:59  Hydralisk  
  85  18:00  Hydralisk x3  
  80  18:50  Extractor  
  80  18:52  Hatchery  
  78  18:57  Extractor  
  78  19:00  Extractor  
  76  19:08  Hatchery  
  70  19:27  Hydralisk  
  70  19:29  Hydralisk  
Tags
 
Add a new tag
Caveats
  • Supply blocks, unpowered buildings, or Contaminate may cause inaccurate times.
  • Supply counts are checked every 10 seconds.